 Dungeon Crawl Stone Soup version 0.31-a0-142-g31f6795574 (webtiles) character file.

Game seed: 15874800536634566500

3097 hikkokomori the Sneak (level 9, -5/73 HPs)
             Began as a Demigod Earth Elementalist on June 4, 2023.
             Shot with an arrow by a centaur warrior (27 damage)
             ... on level 8 of the Dungeon.
             The game lasted 00:14:56 (8045 turns).

hikkokomori the Sneak (Demigod Earth Elementalist)  Turns: 8045, Time: 00:14:56

Health: -5/73      AC:  6    Str: 20    XL:     9   Next: 33%
Magic:  19/20      EV: 12    Int: 29    God:
Gold:   472        SH:  5    Dex: 14    Spells: 4/18 levels left

rFire   . . .        D - +10 dagger of Dero {freeze, rElec rPois Str+5}
rCold   . . .        (no shield)
rNeg    + . .        a - +0 robe
rPois   +            (no helmet)
rElec   +            (no cloak)
rCorr   .            c - +0 pair of gloves
SInv    .            j - +2 pair of boots
Will    .....        k - amulet of reflection
Stlth   +++          p - +6 ring of strength
HPRegen 0.32/turn    E - ring of positive energy
MPRegen 0.17/turn

%: reflection
@: no status effects
A: high MP 1, forlorn, divine attributes
a: no special abilities


You were on level 8 of the Dungeon.
You visited 1 branch of the dungeon, and saw 8 of its levels.

You collected 472 gold pieces.

Inventory:

Hand Weapons
 D - the +10 dagger of Dero (weapon) {freeze, rElec rPois Str+5}
   (You found it on level 6 of the Dungeon)

   Str:       It affects your strength (+5).
   rElec:     It insulates you from electricity.
   rPois:     It protects you from poison.
Armour
 a - a +0 robe (worn)
 c - a +0 pair of gloves (worn)
 j - a +2 pair of boots (worn)
Magical Staves
 s - a staff of air
Jewellery
 k - an amulet of reflection (around neck)
 p - a +6 ring of strength (left hand)
 A - a ring of fire
 E - a ring of positive energy (right hand)
Wands
 t - a wand of flame (21)
 v - a wand of polymorph (7)
 y - a wand of charming (7)
 B - a wand of quicksilver (8)
Scrolls
 e - 3 scrolls of vulnerability
 f - 3 scrolls of blinking
 h - 5 scrolls of teleportation
 i - a scroll of noise {unknown}
 m - a scroll of enchant weapon {unknown}
 n - 2 scrolls of magic mapping
 r - a scroll of immolation {unknown}
 x - a scroll of butterflies {unknown}
 C - 2 scrolls of fog {unknown}
 F - a scroll of amnesia {unknown}
 H - a scroll of poison {unknown}
Potions
 b - 4 potions of magic
 d - 2 potions of curing
 g - 2 potions of degeneration
 l - 2 potions of brilliance
 o - a potion of might
 q - a potion of heal wounds {unknown}
 u - a potion of mutation
 w - a potion of lignification {unknown}
 z - a potion of ambrosia
 G - a potion of attraction {unknown}


   Skills:
 + Level 4.9 Fighting
 + Level 1.9 Short Blades
 - Level 1.7 Dodging
 + Level 5.8 Stealth
 + Level 5.0 Spellcasting
 + Level 4.5 Conjurations
 - Level 3.8 Transmutations
 + Level 1.4 Ice Magic
 + Level 1.4 Air Magic
 - Level 5.4 Earth Magic


You had 4 spell levels left.
You knew the following spells:

 Your Spells              Type           Power      Damage    Failure   Level
a - Sandblast             Erth           76%        2d16      1%          1
b - Stone Arrow           Conj/Erth      72%        3d11      2%          3
c - Ignite Poison         Fire/Tmut/Pois 14%        N/A       11%         3
d - Freezing Cloud        Conj/Ice/Air   10%        6-21      54%         5
e - Passwall              Tmut/Erth      28%        N/A       1%          2

Your spell library contained the following spells:

 Spells                   Type           Power      Damage    Failure   Level
 Apportation              Tloc           14%        N/A       6%          1
 Necrotise                Necr           28%        1d5       6%          1
 Summon Small Mammal      Summ           28%        N/A       6%          1
 Cigotuvi's Dreadful Rot  Necr/Pois/Air  18%        N/A       8%          2
 Petrify                  Tmut/Erth      34%        N/A       9%          4
 Gell's Gravitas          Tloc           7%         N/A       19%         3
 Teleport Other           Tloc           7%         N/A       19%         3
 Conjure Ball Lightning   Conj/Air       12%        3x3d6     96%         6
 Dispersal                Tloc           3%         N/A       100%        6
 Discord                  Hex            3%         N/A       100%        8
 Disjunction              Tloc           3%         N/A       100%        8


Dungeon Overview and Level Annotations

Branches:
Dungeon (8/15)             Temple (0/1) D:5
   Lair: D:8-11

Annotations:
D:5 2 transporters


Innate Abilities, Weirdness & Mutations

You have an increased reservoir of magic. (+10% MP)
You shall have no god before yourself.
Your divine heritage dramatically boosts your attributes as you level up.


Message History

The orc barely misses you.
A kobold comes into view. It is wielding a +0 whip.
The centaur warrior shoots an arrow.
The arrow hits you!!
* * * LOW HITPOINT WARNING * * *
Unknown command.
Unknown command.
A kobold brigand and 2 kobolds come into view.
The kobold brigand is wielding a +0 dagger and quivering poisoned darts.
The kobold hits you with a +0 club.
* * * LOW HITPOINT WARNING * * *
Unknown command.
The orc attacks as you move away! You block the orc's attack.
Unknown command.
Okay, then.
Okay, then.
Unknown command.
Aiming: Charm
Press: ? - help, Shift-Dir - straight line, f - kobold
Aim: a kobold, wielding a +0 club (chance to affect: 66%)
The kobold struggles to resist.
The kobold hits you but does no damage.
Unknown command.
Aiming: Charm
Press: ? - help, Shift-Dir - straight line, f/p - kobold
Aim: a kobold, wielding a +0 club (chance to affect: 66%)
The kobold is charmed.
The kobold misses your kobold.
Unknown command.
There is an open door here.
What are your orders? t - Shout!
Orders for allies: a - Attack new target. p - Attack previous target. r - Retreat! s - Stop attacking. g - Guard the area. f - Follow me.
Anything else - Cancel.
Gang up on whom?
Press: ? - help, Dir - move target, f - centaur warrior, p - kobold
Aim: a centaur warrior, wielding a +0 orcbow Attack!
The centaur warrior shoots an arrow.
The arrow hits your kobold!!
Your kobold dies!
The centaur warrior shoots an arrow.
The arrow hits you!!
You die...

. ♣... ........ .. ♣..K
K....... ...♣... ##.......
.....). #.. ....####
....... #.# ......#
#...)##.# ......#
#...)$Ko####.....######
.....>.KKKc).'.....+....#.
..#....#######@....#.....
#.... #.............#
#....###....#####....#
......+.'..........[..###
###....###....####.....###
#.... ###### #<.....###
#......## #....#.###
##.##.....


You could see a centaur warrior, an orc and 4 kobolds.

Vanquished Creatures
  Sigmund (D:6)
  A wraith (D:6)
  2 water moccasins
  An orc warrior (D:6)
  A hornet zombie (D:6)
  A black bear (D:5)
  2 ogres
  3 bullfrogs
  3 scorpions
  A water moccasin zombie (D:6)
  9 wights (D:7)
  2 vampire bats (D:3)
  A centaur zombie (D:6)
  3 bullfrog zombies (D:6)
  2 hounds
  4 orc priests
  4 jellies
  5 iguanas
  Jessica (D:2)
  7 orc wizards
  Natasha (thrice) (D:3)
  Robin (D:4)
  12 adders
  2 gnolls (D:4)
  3 ufetubi
  4 worms
  4 dart slugs
  31 orcs
  6 ball pythons
  10 bats
  6 endoplasms
  12 giant cockroaches
  21 goblins
  13 hobgoblins
  5 kobolds (D:4)
  2 quokkas
  4 frilled lizards
  8 rats
201 creatures vanquished.

Vanquished Creatures (others)
  An orc (D:6)
  A kobold (D:8)
2 creatures vanquished.

Grand Total: 203 creatures vanquished

Notes
Turn   | Place    | Note
-------+----------+-------------------------------------------
     0 | D:1      | hikkokomori the Demigod Earth Elementalist began the quest
                  | for the Orb.
     0 | D:1      | Reached XP level 1. HP: 14/14 MP: 5/5
   221 | D:1      | Reached XP level 2. HP: 22/22 MP: 2/7
   766 | D:1      | Reached skill level 1 in Fighting
  1008 | D:2      | Reached XP level 3. HP: 28/28 MP: 5/8
  1184 | D:2      | Noticed Jessica
  1187 | D:2      | Killed Jessica
  1188 | D:2      | Reached XP level 4. HP: 35/35 MP: 8/10
  1195 | D:2      | Learned a level 3 spell: Stone Arrow
  1338 | D:2      | Reached skill level 1 in Transmutations
  1802 | D:3      | Reached XP level 5. HP: 41/41 MP: 6/11
  1803 | D:3      | Reached skill level 1 in Conjurations
  1883 | D:3      | Noticed Natasha
  1891 | D:3      | Killed Natasha
  1966 | D:3      | You fall into a shaft and drop 2 floors!
  1966 | D:5      | Entered Level 5 of the Dungeon
  2475 | D:4      | Reached XP level 6. HP: 45/48 MP: 8/13
  3017 | D:4      | Noticed Robin
  3339 | D:4      | Killed Robin
  3676 | D:3      | Noticed Natasha
  3678 | D:3      | Killed Natasha
  4223 | D:3      | Noticed Natasha
  4226 | D:3      | Killed Natasha
  4293 | D:5      | Reached XP level 7. HP: 56/56 MP: 6/15
  4608 | D:5      | Found a staircase to the Ecumenical Temple.
  4696 | D:5      | Found a transporter.
  4716 | D:5      | Found a transporter.
  5190 | D:6      | Reached XP level 8. HP: 63/63 MP: 8/17
  5358 | D:6      | Noticed Sigmund
  5366 | D:6      | Killed Sigmund
  5548 | D:6      | Reached skill level 5 in Stealth
  5548 | D:6      | Reached skill level 5 in Earth Magic
  6104 | D:6      | Learned a level 3 spell: Ignite Poison
  6110 | D:6      | Learned a level 5 spell: Freezing Cloud
  6157 | D:6      | Identified the +10 dagger of Dero {freeze, rElec rPois
                  | Str+5}
  6923 | D:7      | Reached XP level 9. HP: 52/72 MP: 15/19
  7046 | D:8      | Learned a level 2 spell: Passwall
  7206 | D:8      | Reached skill level 1 in Short Blades
  7393 | D:7      | Reached skill level 1 in Ice Magic
  7407 | D:7      | Reached skill level 1 in Air Magic
  7796 | D:7      | Reached skill level 5 in Spellcasting
  8033 | D:8      | Noticed a centaur warrior
  8045 | D:8      | Shot with an arrow by a centaur warrior

Illustrated notes

Levels and vault maps discovered:
D:1:      giann_horns, layout_basic, ebering_ecumenical_altar_hall,
          minmay_split_cup_small
D:2:      layout_rooms, uniq_jessica
D:3:      layout_rooms, mainiacjoe_overflow_brackets,
          nicolae_elyvilon_temple_path, nicolae_ru_awakened_eye,
          mainiacjoe_overflow_six_doors_small, grunt_ministairs_12,
          roderic_batcave, uniq_natasha
D:4:      cheibrodos_greedy_goblins, layout_layer_cave, minmay_diced_spiral,
          uniq_robin
D:5:      gammafunk_wand_slinger, layout_cave_pools,
          mainiacjoe_overflow_24_doors, minmay_temple_entry_mist
D:6:      layout_loops_corners, nicolae_yredelemnul_corpse_copse,
          columned_hall_lemuel, corner_web_ring, uniq_sigmund
D:7:      layout_cave_pods, tso_metal_star
D:8:      layout_basic, nicolae_uskayaw_en_pointe, serial_shops,
          kennysheep_mini_moat, dk_noncrumbling_4, reono_crystal_passage,
          kb_rosetta, uniq_grum

Skill      XL: |  1  2  3  4  5  6  7  8  9 |
---------------+----------------------------+-----
Stealth        | 2 3 4 5 |  5.8
Spellcasting   | 2 3 4 5 |  5.0
Earth Magic    | 3 4 5 |  5.4
Fighting       | 1 2 3 4 |  4.9
Transmutations | 1 2 3 |  3.8
Conjurations   | 1 2 3 4 |  4.5
Short Blades   | 1 |  1.9
Ice Magic      | 1 |  1.4
Air Magic      | 1 |  1.4
Dodging        | |  1.7

Action                     |  1- 3 |  4- 6 |  7- 9 || total
---------------------------+-------+-------+-------++-------
  Melee: Unarmed           |     2 |     1 |     2 ||     5
         Dagger            |       |       |    18 ||    18
         Punch             |       |       |     2 ||     2
   Cast: Sandblast         |    47 |   152 |   149 ||   348
         Stone Arrow       |       |     6 |    10 ||    16
  Evoke: Wand              |       |       |     3 ||     3
    Use: Scroll            |       |     7 |     5 ||    12
   Stab: Sleeping          |       |       |     1 ||     1
 Armour: Robe              |     4 |    54 |    28 ||    86
  Dodge: Dodged            |     9 |    86 |    70 ||   165
  Block: Other             |       |    32 |    28 ||    60

Table legend: (Time is in decaauts)
 A = Elapsed time spent in this place.
 B = Non-inter-level travel time spent in this place.
 C = Inter-level travel time spent in this place.
 D = Time resting spent in this place.
 E = Time spent auto-exploring this place.
 F = Levels seen in this place.
 G = Mean time per level.
                   A        B        C        D        E       F      G
               +--------+--------+--------+--------+--------+-----+--------+
         Total |   8221 |   7965 |    256 |    495 |   6041 |   8 | 1027.6 |
       Dungeon |   8221 |   7965 |    256 |    495 |   6041 |   8 | 1027.6 |
               +--------+--------+--------+--------+--------+-----+--------+

Top non-repeatable levels by time:
     D:4: 1680 daAuts
     D:6: 1507 daAuts
     D:7: 1125 daAuts
     D:5: 1024 daAuts
     D:1: 1020 daAuts
     D:3: 880 daAuts
     D:2: 769 daAuts
     D:8: 213 daAuts
